 Dungeon Crawl Stone Soup version 0.29-a0-813-g4a14ea37d6 (webtiles) character file.

Game seed: 15710086494692220359

2 polve the Chopper (level 1, 0/16 HPs)
             Began as a Demonspawn Gladiator on July 4, 2022.
             Killed from afar by a dart slug (3 damage)
             ... with a slug dart
             ... on level 1 of the Dungeon.
             The game lasted 00:00:03 (18 turns).

polve the Chopper (Demonspawn Gladiator)              Turns: 18, Time: 00:00:04

Health: 0/16       AC:  4    Str: 14    XL:     1   Next: 33%
Magic:  1/1        EV: 12    Int:  9    God:
Gold:   9          SH:  0    Dex: 14    Spells: 0/0 levels left

rFire   . . .      SeeInvis .   a - +0 war axe
rCold   . . .      Faith    .   (no shield)
rNeg    . . .      Spirit   .   b - +0 leather armour
rPois   .          Reflect  .   c - +0 helmet
rElec   .          Harm     .   (no cloak)
rCorr   .          Rampage  .   (no gloves)
Will    .....                   (no boots)
Stlth   +.........              (no amulet)
HPRegen 0.05/turn               (no ring)
MPRegen 0.07/turn               (no ring)

@: no status effects
A: no striking features
a: no special abilities


You were on level 1 of the Dungeon.
You visited 1 branch of the dungeon, and saw 1 of its levels.

You collected 9 gold pieces.

Inventory:

Hand Weapons
 a - a +0 war axe (weapon)
Missiles
 d - 3 throwing nets (quivered)
 e - a javelin
Armour
 b - a +0 leather armour (worn)
 c - a +0 helmet (worn)


   Skills:
 - Level 2.0 Fighting
 + Level 2.9 Axes
 - Level 1.7 Throwing
 - Level 2.6 Dodging


You couldn't memorise any spells.
You didn't know any spells.
Your spell library was empty.

Dungeon Overview and Level Annotations

Branches:
Dungeon (1/15)

Altars:


Message History

You kill the endoplasm!
Things that are here:
a +0 club; a goblin corpse You hit the kobold.
The kobold is heavily wounded.
The kobold hits you with a +0 whip. x2
You are too injured to fight recklessly!
You are too injured to fight recklessly!
You are too injured to fight recklessly!
You are too injured to fight recklessly!
You are too injured to fight recklessly!
You are too injured to fight recklessly!
You are too injured to fight recklessly!
You are too injured to fight recklessly!
You are too injured to fight recklessly!
You are too injured to fight recklessly!
You are too injured to fight recklessly!
There are monsters nearby!
There are monsters nearby!
You closely miss the kobold.
The kobold is heavily wounded.
The dart slug launches a dart at you. The slug dart hits you.
The kobold closely misses you.
You miss the kobold.
The kobold is heavily wounded.
The kobold closely misses you. The kobold misses you.
You closely miss the kobold.
The kobold is heavily wounded.
The kobold completely misses you.
You barely miss the kobold.
The kobold is heavily wounded.
You hit the dart slug but do no damage. The dart slug bites you.
The kobold hits you with a +0 whip.
* * * LOW HITPOINT WARNING * * *
You closely miss the kobold.
The kobold is heavily wounded.
You hit the dart slug. The kobold closely misses you.
The dart slug launches a dart at you. The slug dart hits you.
You die...

.. .. . ## ###. ..
#.. ... ... #.. ..
... #.###.#.#.#.
####...K.......
#......@w......
####.##..?........
##.................
##..#####..#........
#..#.....#..........
#..#.......#.........
#....<....#........
#..#.......#.........
##..#.....#........#


You could see a dart slug and a kobold.

Vanquished Creatures
  An endoplasm (D:1)
  A goblin (D:1)
2 creatures vanquished.

Notes
Turn   | Place    | Note
-------+----------+-------------------------------------------
     0 | D:1      | polve the Demonspawn Gladiator began the quest for the Orb.
     0 | D:1      | Reached XP level 1. HP: 16/16 MP: 1/1
    18 | D:1      | Killed from afar by a dart slug

Illustrated notes

Levels and vault maps discovered:
D:1:      scummos_arrival_hexagon, layout_basic,
          shapermc_ecumenical_altar_rom_forum, minivault_27,
          corexii_corridor_pit

Action                   || total
-------------------------++-------
Melee: War axe           ||     8
Armor: Leather armour    ||     1
Dodge: Dodged            ||     6

Table legend: (Time is in decaauts)
 A = Elapsed time spent in this place.
 B = Non-inter-level travel time spent in this place.
 C = Inter-level travel time spent in this place.
 D = Time resting spent in this place.
 E = Time spent auto-exploring this place.
 F = Levels seen in this place.
 G = Mean time per level.
                   A        B        C        D        E       F      G
               +--------+--------+--------+--------+--------+-----+--------+
         Total |     20 |     20 |      0 |      0 |      6 |   1 |   20.0 |
       Dungeon |     20 |     20 |      0 |      0 |      6 |   1 |   20.0 |
               +--------+--------+--------+--------+--------+-----+--------+

Top non-repeatable levels by time:
     D:1: 20 daAuts
